[Event "Titled Tuesday Blitz November 15 Early 2022"]
[White "Lauridsen, Jesper Morch"]
[Black "Sowul, Bartosz"]
[WhiteFideId "1401890"]
[BlackFideId "1137590"]
[WhiteElo "2220"]
[BlackElo "2188"]
[Result "0-1"]
[Round "02"]
[TimeControl "180+1"]
[Date "2022.11.16"]
[WhiteClock "0:00:03"]
[BlackClock "0:00:19"]

1. e4 c5 2. Nf3 d6 3. d4 cxd4 4. Nxd4 Nf6 5. Nc3 Nc6 6. Bg5 g6 7. Bxf6 exf6 8. Bc4 Bg7 9. O-O O-O 10. Ndb5 f5 11. Nxd6 Be5 12. Nxc8 Rxc8 13. Qxd8 Nxd8 14. Bd3 Bxc3 15. bxc3 f4 16. c4 Kg7 17. Rfb1 b6 18. a4 Nb7 19. Rb5 Rfd8 20. f3 Na5 21. g3 fxg3 22. hxg3 Nxc4 23. Kf2 Na5 24. Rd5 Rxd5 25. exd5 Rc5 26. c4 Nxc4 27. Bxc4 Rxc4 28. a5 Rd4 29. axb6 axb6 30. Rb1 Rxd5 31. Rxb6 Rd3 32. g4 h6 33. Kg3 Re3 34. Kf4 Re7 35. Ra6 Kf8 36. Ra8+ Re8 37. Ra7 Re6 38. Rb7 Kg7 39. Ra7 Kf6 40. Rb7 Rc6 41. Ra7 g5+ 42. Kg3 Kg6 43. Rb7 f6 44. Ra7 h5 45. gxh5+ Kxh5 46. Rb7 Kg6 47. Ra7 Rc5 48. Rb7 Kf5 49. Ra7 Rd5 50. Rb7 Ke5 51. Re7+ Kd4 52. Re6 Rf5 53. Re8 Rf4 54. Re6 Kd3 55. Re8 Kd4 56. Re7 Kd5 57. Re8 Rf5 58. Kg4 Rf4+ 59. Kg3 Kd6 60. Re1 Rf5 61. Kg4 Re5 62. Rd1+ Ke6 63. Ra1 Kf7 64. Ra7+ Kg6 65. Ra6 Rd5 66. Rb6 Rd4+ 67. Kg3 Rd3 68. Rb5 f5 69. Rb6+ Kh5 70. Rb5 f4+ 71. Kg2 Kh4 72. Rb1 Rd2+ 73. Kg1 Kg3 74. Rb5 Rd1# 0-1


[Site "https://www.chess.com"]

[Event "Titled Tuesday Blitz November 15 Early 2022"]
[White "Leiva, Gianmarco"]
[Black "Lorenzo De La Riva, Lazaro"]
[WhiteFideId "3804399"]
[BlackFideId "2268809"]
[WhiteElo "2286"]
[BlackElo "2294"]
[Result "1-0"]
[Round "02"]
[TimeControl "180+1"]
[Date "2022.11.16"]
[WhiteClock "0:00:10"]
[BlackClock "0:00:04"]

1. e4 d5 2. exd5 Nf6 3. d4 c6 4. dxc6 Nxc6 5. Nf3 Bg4 6. Be2 Qd7 7. O-O O-O-O 8. c3 Qf5 9. Nh4 Qh5 10. Bxg4+ Nxg4 11. h3 Qxh4 12. Qxg4+ Qxg4 13. hxg4 e5 14. dxe5 Nxe5 15. Be3 b6 16. f3 Nc4 17. Bd4 Nxb2 18. Nd2 Nd3 19. Ne4 f6 20. Rfd1 Nc5 21. Nxc5 Bxc5 22. Bxc5 bxc5 23. Kf2 Kc7 24. Rab1 Kc6 25. Kg3 Rd5 26. Rxd5 Kxd5 27. Rb7 Kc4 28. Rxg7 Kxc3 29. Rxa7 c4 30. Rf7 Kb2 31. Rxf6 c3 32. Rc6 c2 33. f4 Ra8 34. Kh4 Ra3 35. Rxc2+ Kxc2 36. f5 Kd3 37. Kg5 Ke4 38. Kh6 Ke5 39. Kxh7 Kf6 40. Kh6 Rxa2 41. g5+ Kxf5 42. g4+ Kxg4 43. g6 Ra6 44. Kh7 Kg5 45. g7 Rh6+ 46. Kg8 Kg6 47. Kf8 Rh7 48. g8=Q+ Kh6 49. Qg4 Ra7 50. Qe6+ Kh5 51. Qe5+ Kh6 52. Qd6+ Kh5 53. Qc5+ Kh6 54. Qxa7 Kh5 55. Qg7 Kh4 56. Kf7 Kh3 57. Kf6 1-0


[Site "https://www.chess.com"]

[Event "Titled Tuesday Blitz November 15 Early 2022"]
[White "Lenderman, Aleksandr"]
[Black "Ingebretsen, Jens E"]
[WhiteFideId "2021285"]
[BlackFideId "1522965"]
[WhiteElo "2607"]
[BlackElo "2213"]
[Result "1-0"]
[Round "02"]
[TimeControl "180+1"]
[Date "2022.11.15"]
[WhiteClock "0:02:21"]
[BlackClock "0:02:00"]

1. e4 c5 2. c3 Nc6 3. d4 d5 4. dxc5 dxe4 5. Qxd8+ Kxd8 6. Be3 Nf6 7. Nd2 a5 8. O-O-O Kc7 9. Nc4 e5 10. Nb6 Rb8 11. Bc4 Be6 12. Bxe6 fxe6 13. Nh3 h6 14. Rd2 Be7 15. Rhd1 Rhd8 16. Ng1 Ng4 17. Rd7+ 1-0


[Site "https://www.chess.com"]

[Event "Titled Tuesday Blitz November 15 Early 2022"]
[White "Levitan, Caleb Levi"]
[Black "Slugin, Sergey"]
[WhiteFideId "14332620"]
[BlackFideId "4122569"]
[WhiteElo "1963"]
[BlackElo "2330"]
[Result "0-1"]
[Round "02"]
[TimeControl "180+1"]
[Date "2022.11.16"]
[WhiteClock "0:00:01"]
[BlackClock "0:00:08"]

1. e4 e5 2. Nf3 Nc6 3. Bb5 a6 4. Ba4 d6 5. c3 g5 6. d4 g4 7. Ng1 Bg7 8. Ne2 Ne7 9. Be3 O-O 10. O-O f5 11. exf5 Nxf5 12. Ng3 exd4 13. Nxf5 Bxf5 14. cxd4 Qf6 15. Bxc6 bxc6 16. Nc3 Rab8 17. Qd2 h5 18. Rfe1 h4 19. Rad1 h3 20. b3 Bg6 21. Bg5 Qf5 22. Re7 Rbe8 23. Rxc7 c5 24. Be3 Re6 25. Rxg7+ Kxg7 26. Bh6+ Kh7 27. Bxf8 Qxf8 28. dxc5 dxc5 29. Nd5 hxg2 30. Nf4 Rf6 31. Nxg6 Kxg6 32. Qd3+ Kg5 33. Qg3 Rf5 34. Kxg2 Qa8+ 35. Kg1 Qe4 36. Qe3+ Qxe3 37. fxe3 Rf3 38. Rd5+ Kh4 39. Rxc5 Rxe3 40. Rc2 Kh3 41. Kf2 Rd3 42. Kg1 Rd1+ 43. Kf2 Kxh2 44. b4 Rb1 45. Ke3+ Kh3 46. a3 Rb3+ 47. Kf4 Rxa3 48. Rc6 Rf3+ 49. Ke4 Rb3 50. Rxa6 Rxb4+ 51. Ke3 Rb3+ 52. Kf2 Rb2+ 53. Kg1 Rb1+ 54. Kf2 g3+ 55. Ke2 g2 56. Rh6+ Kg3 57. Rg6+ Kh2 58. Rh6+ Kg1 59. Rg6 Rb8 0-1


[Site "https://www.chess.com"]

[Event "Titled Tuesday Blitz November 15 Early 2022"]
[White "Lopez Del Alamo, Antonio"]
[Black "Lehtosaari, Mauri"]
[WhiteFideId "2227339"]
[BlackFideId "501999"]
[WhiteElo "2175"]
[BlackElo "2509"]
[Result "1-0"]
[Round "02"]
[TimeControl "180+1"]
[Date "2022.11.16"]
[WhiteClock "0:00:57"]
[BlackClock "0:00:22"]

1. e4 c5 2. Nf3 e6 3. d3 Nc6 4. g3 d5 5. Nbd2 Nf6 6. Bg2 Be7 7. O-O O-O 8. e5 Nd7 9. Re1 b5 10. Nf1 b4 11. h4 a5 12. Bf4 a4 13. a3 Bb7 14. N1h2 bxa3 15. bxa3 Re8 16. c3 Qa5 17. Bd2 Qa6 18. Bf1 Qa7 19. Bf4 Na5 20. Ng5 h6 21. Qh5 hxg5 22. hxg5 g6 23. Qh3 Bf8 24. Ng4 Bg7 25. Nf6+ Nxf6 26. gxf6 Bh8 27. Ra2 d4 28. c4 Qa6 29. f3 Qb6 30. Rh2 1-0


[Site "https://www.chess.com"]

[Event "Titled Tuesday Blitz November 15 Early 2022"]
[White "Madaminov, Mukhiddin"]
[Black "Postnikov, Daniil"]
[WhiteFideId "14210703"]
[BlackFideId "4166329"]
[WhiteElo "2902"]
[BlackElo "2617"]
[Result "1-0"]
[Round "02"]
[TimeControl "180+1"]
[Date "2022.11.16"]
[WhiteClock "0:01:49"]
[BlackClock "0:00:28"]

1. d4 Nf6 2. Nc3 d5 3. Bf4 Bf5 4. f3 c6 5. g4 Bg6 6. h4 h6 7. e3 Nbd7 8. Bd3 Bxd3 9. Qxd3 Qb6 10. O-O-O e6 11. Nge2 c5 12. g5 c4 13. Qd2 Nh5 14. e4 dxe4 15. fxe4 Qa5 16. d5 O-O-O 17. Kb1 Nxf4 18. Qxf4 Qb6 19. Qxf7 Ba3 20. b3 e5 21. d6 cxb3 22. Qc4+ Kb8 23. Qc7+ Qxc7 24. dxc7+ Kxc7 25. Nb5+ 1-0


[Site "https://www.chess.com"]

[Event "Titled Tuesday Blitz November 15 Early 2022"]
[White "Mahdavi, Reza"]
[Black "Raahul V S"]
[WhiteFideId "12595926"]
[BlackFideId "25035525"]
[WhiteElo "2240"]
[BlackElo "2233"]
[Result "1-0"]
[Round "02"]
[TimeControl "180+1"]
[Date "2022.11.16"]
[WhiteClock "0:01:32"]
[BlackClock "0:00:09"]

1. e4 e5 2. Nf3 Nc6 3. Nc3 Nf6 4. g3 g6 5. Bg2 Bg7 6. O-O O-O 7. h3 d6 8. d3 h6 9. Be3 Be6 10. Qd2 Qd7 11. Kh2 g5 12. Ng1 Nh7 13. f4 Bf6 14. f5 Qe7 15. fxe6 fxe6 16. Qe2 Rad8 17. Qh5 Bg7 18. Nge2 Nb4 19. Rac1 d5 20. Rxf8+ Nxf8 21. a3 d4 22. axb4 dxe3 23. Qf3 Qxb4 24. Qxe3 a6 25. b3 Ng6 26. Rf1 Nf4 27. gxf4 exf4 28. Qd2 Be5 29. Bf3 Kh7 30. Nb1 Qe7 31. Qe1 c5 32. Nd2 Qf7 33. Qf2 h5 34. Nc4 Bb8 35. Qxc5 g4 36. hxg4 hxg4 37. Bxg4 f3+ 38. Ng3 Qf4 39. Qh5+ Kg8 40. Bxe6+ Kg7 41. Qg4+ Qxg4 42. Bxg4 Rh8+ 43. Bh3 Rf8 44. Nd2 1-0


[Site "https://www.chess.com"]

[Event "Titled Tuesday Blitz November 15 Early 2022"]
[White "Maksimovic, Bojan"]
[Black "Przybylski, Wojciech"]
[WhiteFideId "14408120"]
[BlackFideId "1117599"]
[WhiteElo "2447"]
[BlackElo "2221"]
[Result "0-1"]
[Round "02"]
[TimeControl "180+1"]
[Date "2022.11.16"]
[WhiteClock "0:00:05"]
[BlackClock "0:00:17"]

1. e4 e5 2. Nf3 Nc6 3. d4 exd4 4. Bc4 Nf6 5. e5 d5 6. Bb5 Nd7 7. O-O Be7 8. Bxc6 bxc6 9. Nxd4 Nb8 10. Nc3 O-O 11. Re1 c5 12. Nb3 c6 13. Bf4 Na6 14. Qf3 Qd7 15. h3 Qf5 16. Re2 g5 17. Bg3 Qxf3 18. gxf3 Bxh3 19. Rae1 Nc7 20. Na5 Bd7 21. Rd1 Ne6 22. Ne4 Nd4 23. Rxd4 cxd4 24. Nf6+ Bxf6 25. exf6 Rfe8 26. Re7 Rxe7 27. fxe7 Re8 28. Bd6 Bf5 29. Nxc6 Bxc2 30. Nb4 d3 31. Nxd5 Kg7 32. Bb4 f6 33. Kf1 Kf7 34. Ke1 Bb1 35. a4 Rc8 36. Kd2 a5 37. Bxa5 Ba2 38. Nc3 Bc4 39. Bb4 Rb8 40. Ba3 h5 41. Kc1 h4 42. Ne4 h3 43. Nd6+ Ke6 44. Nxc4 h2 45. Kd2 h1=Q 46. Nd6 Qf1 47. Ne4 Qe2+ 48. Kc3 Rc8+ 49. Kb4 d2 50. a5 Qc4# 0-1


[Site "https://www.chess.com"]

[Event "Titled Tuesday Blitz November 15 Early 2022"]
[White "Malka, Samuel"]
[Black "De Arruda, Leandro Formes"]
[WhiteFideId "20643675"]
[BlackFideId "22722009"]
[WhiteElo "2458"]
[BlackElo "1880"]
[Result "1-0"]
[Round "02"]
[TimeControl "180+1"]
[Date "2022.11.16"]
[WhiteClock "0:01:15"]
[BlackClock "0:02:04"]

1. Nf3 d5 2. g3 Nf6 3. Bg2 Nbd7 4. O-O e5 5. d3 Be7 6. e4 dxe4 7. dxe4 O-O 8. Nc3 b6 9. Be3 Bb7 10. Re1 Nxe4 11. Nxe4 Bxe4 12. Qe2 f6 13. Qc4+ Kh8 14. Qxe4 Qe8 15. Rad1 Nc5 16. Qc4 Qg6 17. Nh4 1-0


[Site "https://www.chess.com"]

[Event "Titled Tuesday Blitz November 15 Early 2022"]
[White "Manelyuk, Daniil"]
[Black "Kosakowski, Jakub"]
[WhiteFideId "44173920"]
[BlackFideId "1185080"]
[WhiteElo "2209"]
[BlackElo "2463"]
[Result "0-1"]
[Round "02"]
[TimeControl "180+1"]
[Date "2022.11.16"]
[WhiteClock "0:00:02"]
[BlackClock "0:00:11"]

1. e4 c5 2. Nf3 Nc6 3. d4 cxd4 4. Nxd4 Qb6 5. Nb3 Nf6 6. Nc3 e6 7. Be3 Qc7 8. f3 a6 9. Qd2 b5 10. Be2 Bb7 11. O-O Be7 12. Rad1 O-O 13. a3 Ne5 14. Kh1 Rfd8 15. Nd4 Rac8 16. Qe1 Nc4 17. Bxc4 Qxc4 18. e5 Nd5 19. Nxd5 Bxd5 20. Qg3 d6 21. Bh6 g6 22. c3 dxe5 23. Qxe5 f6 24. Qe1 e5 25. Nc2 Bb7 26. Ne3 Qc6 27. Qe2 Bc5 28. Nc2 Qe6 29. Be3 Bf8 30. Bf2 Qf5 31. Ne3 Qh5 32. c4 e4 33. Nd5 exf3 34. Nxf6+ Kh8 35. Qe6 fxg2+ 36. Kg1 gxf1=Q+ 37. Kxf1 Rxd1+ 38. Be1 Qf3+ 39. Kg1 Qg2# 0-1


[Site "https://www.chess.com"]

[Event "Titled Tuesday Blitz November 15 Early 2022"]
[White "Manukyan, Sargis A."]
[Black "Pakleza, Zbigniew"]
[WhiteFideId "13303970"]
[BlackFideId "1119290"]
[WhiteElo "2187"]
[BlackElo "2411"]
[Result "0-1"]
[Round "02"]
[TimeControl "180+1"]
[Date "2022.11.16"]
[WhiteClock "0:00:05"]
[BlackClock "0:00:09"]

1. Nf3 d5 2. c4 c6 3. e3 Nf6 4. Nc3 Bg4 5. Qb3 Qb6 6. Qxb6 axb6 7. cxd5 Bxf3 8. gxf3 Nxd5 9. Nxd5 cxd5 10. b3 Nc6 11. Bb5 e6 12. Bb2 Rg8 13. Rg1 g6 14. Ke2 Kd7 15. f4 Bg7 16. Be5 Ke7 17. Bxg7 Rxg7 18. Rgc1 Kd6 19. d4 Rgg8 20. h4 h5 21. a4 Ne7 22. Bd3 Rgc8 23. Kd2 Rc6 24. Bb5 Rxc1 25. Rxc1 Nf5 26. Rh1 Rc8 27. Bd3 Ne7 28. f3 Nc6 29. Rc1 Rg8 30. Rg1 Na5 31. Kc3 Nc6 32. b4 Rc8 33. Kb3 Ne7 34. e4 Nc6 35. f5 Nxd4+ 36. Kb2 Nxf3 37. Rf1 Nxh4 38. fxg6 fxg6 39. Rf7 Rb8 40. Kc3 Ke5 41. exd5 exd5 42. Re7+ Kf6 43. Rd7 Ke6 44. Rg7 Kf6 45. Rd7 Nf5 46. Rxd5 h4 0-1


[Site "https://www.chess.com"]

[Event "Titled Tuesday Blitz November 15 Early 2022"]
[White "Marchesich, Giovanni"]
[Black "Melikhov, Evgeny V."]
[WhiteFideId "2824790"]
[BlackFideId "4122046"]
[WhiteElo "2200"]
[BlackElo "2169"]
[Result "1/2-1/2"]
[Round "02"]
[TimeControl "180+1"]
[Date "2022.11.16"]
[WhiteClock "0:00:07"]
[BlackClock "0:00:12"]

1. d4 Nf6 2. Bf4 d5 3. e3 c5 4. Nf3 Nc6 5. Nbd2 cxd4 6. exd4 Bg4 7. Be2 e6 8. O-O Bd6 9. Bxd6 Qxd6 10. Nb3 O-O 11. h3 Bxf3 12. Bxf3 Rfc8 13. Re1 Qc7 14. c3 Na5 15. Nxa5 Qxa5 16. Qd3 a6 17. g4 Qc7 18. g5 Ne8 19. Bg4 Qf4 20. Qe3 Qxe3 21. Rxe3 Nd6 22. Rae1 Kf8 23. h4 b5 24. h5 Nc4 25. R3e2 Rc6 26. f4 Nd6 27. g6 hxg6 28. hxg6 f5 29. Bxf5 Nxf5 30. Rxe6 Rac8 31. R6e5 Nh4 32. Kf2 Nxg6 33. Rxd5 Nxf4 34. Rf5+ Rf6 35. Rxf6+ gxf6 36. Kf3 Nd5 37. Re6 a5 38. Rd6 Ne7 39. Rxf6+ Ke8 40. Rb6 b4 41. cxb4 axb4 42. Rxb4 Kd7 43. Ke4 Rc2 44. Rb7+ Kd6 45. Rb6+ Nc6 46. d5 Rc4+ 47. Kd3 Kxd5 48. Rb5+ Rc5 49. Rxc5+ Kxc5 50. Kc3 Kb5 51. b3 Nb4 52. a3 Nc6 53. a4+ Kc5 54. b4+ Nxb4 55. a5 Kb5 56. a6 Nxa6 1/2-1/2


[Site "https://www.chess.com"]

[Event "Titled Tuesday Blitz November 15 Early 2022"]
[White "Marcolino, Daniel Mattos"]
[Black "Quintiliano Pinto, Renato R."]
[WhiteFideId "2106841"]
[BlackFideId "2117568"]
[WhiteElo "2131"]
[BlackElo "2472"]
[Result "0-1"]
[Round "02"]
[TimeControl "180+1"]
[Date "2022.11.16"]
[WhiteClock "0:00:19"]
[BlackClock "0:01:23"]

1. d4 Nf6 2. Nf3 e6 3. g3 c5 4. Bg2 d5 5. O-O Nc6 6. c4 cxd4 7. Nxd4 Bc5 8. Nb3 Bb6 9. cxd5 exd5 10. Bg5 d4 11. N1d2 O-O 12. Ne4 Re8 13. Nxf6+ gxf6 14. Bh6 Bf5 15. Rc1 Qd6 16. Qd2 Rad8 17. Rfd1 Bg4 18. Bf4 Qe7 19. Re1 Ne5 20. h3 Be6 21. Bh6 Qd6 22. Bxb7 d3 23. Kg2 Qd7 24. Be4 Bxh3+ 25. Kh2 Bxf2 26. Red1 Bxg3+ 27. Kxg3 Qg4+ 28. Kh2 Qxe4 29. exd3 Nf3+ 0-1


[Site "https://www.chess.com"]

[Event "Titled Tuesday Blitz November 15 Early 2022"]
[White "Martinez Alcantara, Jose Eduardo"]
[Black "Godzwon, Iwo"]
[WhiteFideId "3805662"]
[BlackFideId "21802483"]
[WhiteElo "2705"]
[BlackElo "2284"]
[Result "1-0"]
[Round "02"]
[TimeControl "180+1"]
[Date "2022.11.15"]
[WhiteClock "0:00:23"]
[BlackClock "0:00:02"]

1. e4 c5 2. Nf3 e6 3. c3 Nf6 4. Bd3 c4 5. Bxc4 Nxe4 6. d3 Nf6 7. d4 b6 8. Bg5 Bb7 9. Nbd2 Be7 10. Qe2 O-O 11. Bd3 d6 12. h4 Nbd7 13. Rd1 Re8 14. Ba6 Qc7 15. O-O h6 16. Bf4 Bf8 17. Rfe1 Rad8 18. Bb5 Bc6 19. Qc4 Rc8 20. Ba6 Bd5 21. Qe2 Bb7 22. Bb5 Bc6 23. a4 Ra8 24. Bg3 a6 25. Bxa6 Bxa4 26. Ra1 Bc6 27. Bc4 Qb7 28. Rad1 b5 29. Bd3 Ra2 30. Rb1 b4 31. Bc4 Ra5 32. Bd3 Ra2 33. Qd1 Bb5 34. Bc2 Rc8 35. c4 Bc6 36. Bd3 Rca8 37. Qc2 Qb6 38. Qd1 Qb7 39. Bc2 R2a7 40. Rc1 Ra2 41. Rb1 R2a7 42. Bb3 Ba4 43. Rc1 Bc6 44. d5 exd5 45. Nd4 dxc4 46. Nxc6 Qxc6 47. Nxc4 d5 48. Ne3 Qb7 49. Nxd5 Ra5 50. Rc7 Rxd5 51. Rxb7 Rd2 52. Qxd2 1-0


[Site "https://www.chess.com"]

[Event "Titled Tuesday Blitz November 15 Early 2022"]
[White "Matinian, Nikita"]
[Black "Osinovsky, Stepan"]
[WhiteFideId "24129100"]
[BlackFideId "4157354"]
[WhiteElo "2422"]
[BlackElo "2222"]
[Result "1/2-1/2"]
[Round "02"]
[TimeControl "180+1"]
[Date "2022.11.16"]
[WhiteClock "0:00:49"]
[BlackClock "0:00:06"]

1. e4 e5 2. Nf3 Nc6 3. Bb5 a6 4. Ba4 Nf6 5. d3 b5 6. Bb3 Be7 7. Nc3 O-O 8. O-O Bb7 9. a4 b4 10. Nd5 Nd4 11. Nxe7+ Qxe7 12. Nxd4 exd4 13. f4 c5 14. Qe1 Rae8 15. Qg3 Kh8 16. f5 d5 17. exd5 Bxd5 18. Bg5 Bxb3 19. cxb3 h6 20. Qh4 Qd6 21. Bxf6 Qxf6 22. Qxf6 gxf6 23. Rac1 Re5 24. Rc2 Rg8 25. Rfc1 Rg5 26. Rxc5 Rgxf5 27. Rxe5 Rxe5 28. Rc4 Re2 29. Rxd4 a5 30. Rd5 Rxb2 31. Rxa5 Rxb3 32. Rb5 Rxd3 33. Rxb4 Rd2 34. a5 Ra2 35. Rb5 Kg7 36. h4 Ra4 37. h5 Ra3 38. Kf2 Kf8 39. g4 Ke7 40. Ke2 Ra4 41. Kf3 Ke6 42. Rb6+ Ke5 43. a6 Ra3+ 44. Ke2 Kf4 45. Rxf6+ Kxg4 46. Rxh6 f5 47. Kd2 f4 48. Kc2 f3 49. Rf6 f2 50. Kb2 Rf3 51. Rxf3 Kxf3 52. a7 f1=Q 53. a8=Q+ Kg4 54. Qe8 Qf6+ 55. Kb3 Kg5 56. Kc4 Qh6 57. Kd4 Qxh5 58. Qg8+ Kh6 59. Qh8+ Kg5 60. Qe5+ Kh6 61. Qh8+ Kg5 62. Qxh5+ Kxh5 1/2-1/2


[Site "https://www.chess.com"]

[Event "Titled Tuesday Blitz November 15 Early 2022"]
[White "Matveeva, Olga"]
[Black "Wagner, Dennis"]
[WhiteFideId "24107018"]
[BlackFideId "24650684"]
[WhiteElo "2055"]
[BlackElo "2470"]
[Result "0-1"]
[Round "02"]
[TimeControl "180+1"]
[Date "2022.11.16"]
[WhiteClock "0:00:50"]
[BlackClock "0:00:21"]

1. d4 d5 2. c4 e6 3. Nf3 Nf6 4. g3 c5 5. cxd5 exd5 6. Bg2 Nc6 7. O-O Be7 8. Nc3 Ne4 9. dxc5 Nxc3 10. bxc3 Bxc5 11. Qc2 O-O 12. Rd1 h6 13. c4 d4 14. Bb2 Qb6 15. Qb3 Rd8 16. Ne1 Na5 17. Qc2 Be6 18. Nd3 Nxc4 19. Bc1 Rac8 20. Rb1 Qa5 21. Rxb7 Bb6 22. Qb1 Nd6 23. Bd2 Qxa2 24. Rxb6 axb6 25. Qxb6 Nc4 26. Qb4 Rb8 27. Nc1 Rxb4 28. Nxa2 Rb2 0-1


[Site "https://www.chess.com"]

[Event "Titled Tuesday Blitz November 15 Early 2022"]
[White "Mejia, Cherry Ann"]
[Black "Krishnan, Varun"]
[WhiteFideId "5206880"]
[BlackFideId "5054508"]
[WhiteElo "2007"]
[BlackElo "2564"]
[Result "0-1"]
[Round "02"]
[TimeControl "180+1"]
[Date "2022.11.16"]
[WhiteClock "0:00:15"]
[BlackClock "0:00:34"]

1. e4 g6 2. Nc3 Bg7 3. g3 c5 4. d3 Nc6 5. Be3 d6 6. Qd2 Nf6 7. h3 O-O 8. Bg2 Nd4 9. Nd1 Nd7 10. c3 Nc6 11. Ne2 e5 12. O-O f5 13. f4 fxe4 14. dxe4 Nf6 15. Nf2 Be6 16. Rad1 Bxa2 17. Qxd6 Qxd6 18. Rxd6 Bc4 19. Re1 exf4 20. gxf4 Nh5 21. Nd3 Rad8 22. Rxd8 Nxd8 23. Nxc5 Bxe2 24. Rxe2 Nxf4 25. Rf2 Nxg2 26. Rxf8+ Kxf8 27. Kxg2 Ke7 28. Nd3 Nc6 29. Kf3 b6 30. Bf4 Ke6 31. Ke3 h6 32. Ne1 Ne5 33. Bxe5 Bxe5 34. Nf3 g5 35. Nd4+ Kf6 36. Nc6 a5 37. Na7 h5 38. Nb5 g4 39. hxg4 hxg4 40. Nd4 Bxd4+ 41. cxd4 b5 42. Kf4 b4 43. e5+ Ke6 44. Ke4 a4 45. d5+ Ke7 46. e6 a3 47. bxa3 bxa3 48. Ke5 a2 49. d6+ Ke8 0-1


[Site "https://www.chess.com"]

[Event "Titled Tuesday Blitz November 15 Early 2022"]
[White "Melaugh, Shane"]
[Black "Quispe Santacruz, Javier"]
[WhiteFideId "2509580"]
[BlackFideId "3800920"]
[WhiteElo "2025"]
[BlackElo "1930"]
[Result "1-0"]
[Round "02"]
[TimeControl "180+1"]
[Date "2022.11.16"]
[WhiteClock "0:00:49"]
[BlackClock "0:00:28"]

1. e4 c5 2. d4 cxd4 3. c3 Nf6 4. e5 Nd5 5. Nf3 Nc6 6. Bc4 Nb6 7. Bb3 d5 8. cxd4 Bg4 9. Be3 e6 10. O-O Be7 11. a3 O-O 12. Bc2 Bh5 13. Nc3 Nc4 14. Bc1 Bxf3 15. gxf3 Re8 16. Qd3 g6 17. b3 Nb6 18. Kh1 Bg5 19. f4 Bh6 20. Rg1 Qh4 21. Ne2 Rac8 22. Be3 Qh3 23. Rg3 Qh4 24. Rag1 Ne7 25. Rg4 Qh3 26. Bd1 Nf5 27. Ng3 Kh8 28. Nxf5 exf5 29. R4g3 Qh4 30. Bf3 Bxf4 31. Bxf4 Qxf4 32. a4 Rc1 33. a5 Rxg1+ 34. Rxg1 Nd7 35. Bxd5 Rd8 36. Qc4 Qxf2 37. Qc7 Rf8 38. Qxd7 Qxd4 39. Qd6 Re8 40. Qf6+ Kg8 41. Qxf7+ Kh8 42. Qf6# 1-0


[Site "https://www.chess.com"]

[Event "Titled Tuesday Blitz November 15 Early 2022"]
[White "Melikyan, Gnel"]
[Black "Svane, Rasmus"]
[WhiteFideId "54109990"]
[BlackFideId "4657101"]
[WhiteElo "2138"]
[BlackElo "2674"]
[Result "0-1"]
[Round "02"]
[TimeControl "180+1"]
[Date "2022.11.15"]
[WhiteClock "0:00:10"]
[BlackClock "0:00:23"]

1. e4 c6 2. Nf3 d5 3. Nc3 dxe4 4. Nxe4 Nf6 5. Qe2 Nxe4 6. Qxe4 Qa5 7. Bc4 Bf5 8. Qe5 Qxe5+ 9. Nxe5 e6 10. Bd3 Bxd3 11. Nxd3 Bd6 12. b3 Nd7 13. Bb2 O-O-O 14. O-O-O e5 15. Rde1 f6 16. f3 Rde8 17. Nf2 Bc7 18. Re2 Nc5 19. Rhe1 Ne6 20. g3 Kd7 21. Ne4 h5 22. h4 Bb6 23. d3 Bd4 24. c3 Bb6 25. Kc2 Nc7 26. b4 Nd5 27. a3 Ne7 28. c4 Nf5 29. c5 Bc7 30. Rg1 Re7 31. Bc3 Ke8 32. Nd2 Kf7 33. Nc4 Rd7 34. Rd2 b5 35. cxb6 axb6 36. Kb3 b5 37. Na5 Ne7 38. d4 Rhd8 39. Nb7 Re8 40. Nc5 Rd5 41. dxe5 Bxe5 42. f4 Rxd2 43. Bxd2 Bd4 44. Rc1 Nf5 45. Nd3 Re6 46. Be1 Ke8 47. a4 bxa4+ 48. Kxa4 Kd7 49. Nc5+ Bxc5 50. Rxc5 g6 51. Bc3 Nxg3 52. Ra5 Nf5 53. Ra7+ Kd6 54. Rf7 Nxh4 55. Bxf6 Nf5 56. Be5+ Kd5 57. Rd7+ Ke4 58. Rd8 h4 59. Rh8 Kf3 60. Ka5 Kg3 61. Kb6 h3 62. Kc7 h2 63. Kd7 Rxe5 64. fxe5 Nh4 65. e6 h1=Q 66. e7 Qd5+ 67. Kc7 Qe5+ 68. Kd7 Qxh8 69. e8=Q Qxe8+ 70. Kxe8 Nf5 71. Kd7 Nd4 72. Kd6 g5 73. Kc5 Nc2 74. b5 cxb5 75. Kxb5 g4 0-1


[Site "https://www.chess.com"]

[Event "Titled Tuesday Blitz November 15 Early 2022"]
[White "Mendonca, Mateus Nakajo"]
[Black "Kazancev, Valerij M"]
[WhiteFideId "2110954"]
[BlackFideId "4179609"]
[WhiteElo "2310"]
[BlackElo "2366"]
[Result "1-0"]
[Round "02"]
[TimeControl "180+1"]
[Date "2022.11.16"]
[WhiteClock "0:00:18"]
[BlackClock "0:00:14"]

1. Nf3 d5 2. d4 c6 3. c4 Nf6 4. Nc3 g6 5. cxd5 cxd5 6. Bf4 a6 7. e3 Nc6 8. h3 Bg7 9. Be2 O-O 10. O-O b5 11. Rc1 Bb7 12. Ne5 Rc8 13. Bf3 e6 14. Nd3 Nd7 15. Qe2 Re8 16. Rfd1 Qa5 17. a3 b4 18. axb4 Nxb4 19. Ne5 Nxe5 20. Bxe5 Bxe5 21. dxe5 Qb6 22. Na4 Qa5 23. Nc3 Qb6 24. Qd2 a5 25. Na4 Qb5 26. Nc3 Qb6 27. h4 Ba6 28. Na4 Qb5 29. Nc3 Qd3 30. Qe1 Qf5 31. Be2 Qxe5 32. Bxa6 Nxa6 33. Qe2 Nb4 34. Qb5 Ra8 35. Na4 Reb8 36. Qd7 Qf6 37. Rc7 Rd8 38. Qb5 Qxh4 39. Nb6 Rab8 40. Rd4 Qh5 41. Qxa5 Na2 42. Qxa2 Rxb6 43. Rxf7 Rxb2 44. Qxb2 Kxf7 45. Rf4+ Kg8 46. Qf6 Qd1+ 47. Kh2 Qh5+ 48. Rh4 Qf5 49. Qxd8+ 1-0


[Site "https://www.chess.com"]

[Event "Titled Tuesday Blitz November 15 Early 2022"]
[White "Mesa Cruz, Juan Carlos"]
[Black "Santos Flores, Alberto"]
[WhiteFideId "6423400"]
[BlackFideId "3601234"]
[WhiteElo "2059"]
[BlackElo "2235"]
[Result "0-1"]
[Round "02"]
[TimeControl "180+1"]
[Date "2022.11.16"]
[WhiteClock "0:02:39"]
[BlackClock "0:02:55"]

1. e4 c5 2. Nf3 Nc6 3. d4 cxd4 4. Nxd4 g6 5. Be3 Bg7 6. c4 Nf6 7. Nc3 O-O 8. Be2 d6 9. O-O Bd7 10. h3 Nxd4 11. Bxd4 a5 12. f4 Bc6 13. Qd3 Nd7 14. Bxg7 Kxg7 0-1


[Site "https://www.chess.com"]

[Event "Titled Tuesday Blitz November 15 Early 2022"]
[White "Mgeladze, Tamaz"]
[Black "Mihailidis, Anastasios"]
[WhiteFideId "13601202"]
[BlackFideId "4205588"]
[WhiteElo "2288"]
[BlackElo "2312"]
[Result "1-0"]
[Round "02"]
[TimeControl "180+1"]
[Date "2022.11.16"]
[WhiteClock "0:01:40"]
[BlackClock "0:00:33"]

1. c4 e6 2. Nf3 d5 3. g3 Nf6 4. Bg2 Be7 5. O-O O-O 6. b3 c5 7. e3 Nc6 8. Bb2 d4 9. exd4 Nxd4 10. Nxd4 cxd4 11. Re1 Rb8 12. d3 b6 13. Na3 a6 14. Nc2 Bb7 15. Nxd4 Bxg2 16. Kxg2 Rc8 17. Qf3 Qd7 18. Nc2 Rfd8 19. d4 b5 20. Ne3 Rb8 21. Bc3 Rbc8 22. Rad1 bxc4 23. bxc4 Qa4 24. d5 exd5 25. Nxd5 Nxd5 26. cxd5 Bf8 27. Rd2 Qc4 28. Re3 Qc5 29. Red3 Qc4 30. d6 h6 31. d7 Ra8 32. Ba5 Qe6 33. Bxd8 Rxd8 34. Re2 Qb6 35. Re8 Qc7 36. Rxd8 Qxd8 37. Qe4 Be7 38. Qe5 Bf6 39. Qe8+ Kh7 40. Qxd8 Bxd8 41. Re3 Kg6 42. Re8 Bf6 43. d8=Q Bxd8 44. Rxd8 1-0


[Site "https://www.chess.com"]